 Dungeon Crawl Stone Soup version 0.23-a0-305-g7ffd15e (webtiles) character file.

61 tsouns the Insei (level 4, -1/27 HPs)
             Began as an Octopode Wanderer on Oct 9, 2018.
             Was an Initiate of Qazlal.
             Slain by a worm (9 damage)
             ... on level 2 of the Dungeon.
             The game lasted 00:03:23 (1649 turns).

tsouns the Insei (Octopode Wanderer)                Turns: 1649, Time: 00:03:23

Health: -1/27      AC:  1    Str:  8    XL:     4   Next: 7%
Magic:  7/7        EV: 12    Int: 18    God:    Qazlal [......]
Gold:   55         SH:  0    Dex: 11    Spells: 7/7 levels left

rFire    . . .     SeeInvis +     - Unarmed
rCold    . . .     Gourm    .   (no shield)
rNeg     . . .     Faith    .   (helmet restricted)
rPois    .         Spirit   .   (no amulet)
rElec    .         Reflect  .   j - ring of see invisible
rCorr    .         Harm     .   (no ring)
MR       .....                  (no ring)
Stlth    +++.......             (no ring)
HPRegen  0.09/turn              (no ring)
MPRegen  0.10/turn              (no ring)
                                (no ring)
                                (no ring)

@: no status effects
A: almost no armour, stealthy swim, amphibious, 8 rings, constrict 8, camouflage
1, gelatinous body 1
a: Renounce Religion


You were on level 2 of the Dungeon.
You worshipped Qazlal.
Qazlal was noncommittal.
You were not hungry.

You visited 1 branch of the dungeon, and saw 2 of its levels.

You collected 55 gold pieces.

Inventory:

Hand Weapons
 d - a +0 dagger
Missiles
 e - 155 stones (quivered)
 q - 8 curare-tipped needles
Jewellery
 j - a ring of see invisible (left tentacle)
Wands
 c - a wand of random effects (15)
Scrolls
 b - a scroll of teleportation
 h - 3 scrolls of identify {unknown}
 i - a scroll of noise {unknown}
 k - a scroll of remove curse {unknown}
Potions
 a - 3 potions of haste
 g - a potion of ambrosia {unknown}
 l - a potion of mutation {unknown}
 m - a potion of lignification {unknown}
 n - a potion of agility {unknown}
 p - a potion of degeneration {unknown}
Comestibles
 f - 4 rations
 o - 2 chunks of flesh


   Skills:
 - Level 2.6 Stealth
   Level 1.0 Shields
 * Level 3.8 Unarmed Combat
 - Level 2.0 Spellcasting
   Level 1.0 Conjurations
   Level 2.0 Air Magic
 - Level 1.1 Evocations


You had 7 spell levels left.
You didn't know any spells.
Your spell library was empty.

Dungeon Overview and Level Annotations

Branches:
Dungeon (2/15)

Altars:
Qazlal


Innate Abilities, Weirdness & Mutations

You cannot wear most types of armour.
You are very stealthy in the water. (Stealth+)
You are amphibious.
You can wear up to eight rings at the same time.
You can use your tentacles to constrict eight enemies at once.
Your skin changes colour to match your surroundings (Stealth+).
Your rubbery body absorbs attacks. (AC +1, EV +1)


Message History

The worm bites you!
You are too injured to fight recklessly!
You are too injured to fight recklessly!
You are too injured to fight recklessly!
You tentacle-slap the worm but do no damage.
Your grab misses the worm.
The worm is moderately wounded.
You tentacle-slap the worm. Your grab misses the worm.
The worm is heavily wounded.
The worm bites you.
You tentacle-slap the worm. Your grab misses the worm.
The worm is heavily wounded.
You tentacle-slap the worm. You grab the worm.
The worm is heavily wounded.
You constrict the worm. The worm bites you.
* * * LOW HITPOINT WARNING * * *
You tentacle-slap the worm but do no damage.
The worm is heavily wounded.
You constrict the worm. The worm bites you!
You die...

..#
#.......##......#.#....'.....
..#
#.####..##.####.###.####.....
### #..##.#....###.# #.....
#.....#.##.....# ######
#..##.#.##.##### ...##.#.##.#
##.##.#.##.# .##.#.##.#
#..@...# #....#w#### ######.#
..# ###


You could see a worm.

Vanquished Creatures
  An adder (D:2)
  A worm (D:2)
  A dart slug (D:1)
  5 leopard geckos
  2 bats
  2 giant cockroaches (D:1)
  4 goblins
  8 hobgoblins
  2 jackals (D:2)
  A quokka (D:2)
  2 ball pythons (D:2)
  6 frilled lizards
  3 kobolds
  A rat (D:1)
39 creatures vanquished.

Notes
Turn   | Place    | Note
-------+----------+-------------------------------------------
     0 | D:1      | tsouns the Octopode Wanderer began the quest for the Orb.
     0 | D:1      | tsouns set off with: 2 potions of haste, a scroll of
                  | teleportation, a wand of random effects (15), a +0 dagger,
                  | a ration
     0 | D:1      | Reached XP level 1. HP: 11/11 MP: 3/3
   409 | D:1      | Reached skill level 2 in Unarmed Combat
   409 | D:1      | Reached XP level 2. HP: 17/17 MP: 5/5
   936 | D:2      | Reached XP level 3. HP: 21/21 MP: 6/6
   970 | D:2      | Reached skill level 3 in Unarmed Combat
   974 | D:2      | Found a stormy altar of Qazlal.
   992 | D:2      | Became a worshipper of Qazlal Stormbringer
  1533 | D:2      | Reached XP level 4. HP: 19/27 MP: 7/7
  1649 | D:2      | Slain by a worm

Vault maps used:
D:1:      matt_arrival_refuge
D:2:      grunt_qazlal_sundering

Skill      XL: |  1  2  3 |
---------------+----------+-----
Unarmed Combat | 2 3 |  3.8
Stealth        | |  2.6
Shields        | |  1.0
Spellcasting   | |  2.0
Conjurations   | |  1.0
Air Magic      | |  2.0
Evocations     | |  1.1

Action                   |  1- 3 |  4- 6 || total
-------------------------+-------+-------++-------
Melee: Unarmed           |    88 |    11 ||    99
       Constrict         |    25 |     2 ||    27
       Tentacles         |    15 |       ||    15
       Punch             |     1 |       ||     1
Throw: Stone             |     1 |       ||     1
 Stab: Sleeping          |     9 |     2 ||    11
  Eat: Chunk             |     2 |       ||     2
Armor: Skin              |     4 |       ||     4
Dodge: Dodged            |    38 |     7 ||    45

Table legend:
 A = Non-vault XP
 B = Vault XP
 C = Vault XP percentage of total XP
 D = Non-vault monster count
 E = Vault monster count
 F = Vault count percentage of total count
                 A         B        C        D         E       F
            +---------+---------+-------+---------+---------+-------
      Total |      88 |       0 |   0.0 |      39 |       0 |   0.0
            +---------+---------+-------+---------+---------+-------
        D:1 |      32 |       0 |   0.0 |      17 |       0 |   0.0
        D:2 |      56 |       0 |   0.0 |      22 |       0 |   0.0
            +---------+---------+-------+---------+---------+-------
